 Dungeon Crawl Stone Soup version 0.21.1-1-g345015f (webtiles) character file.

4218 Amnesiac the Reanimator (level 10, 0/71 HPs)
             Began as a Mummy Necromancer on Mar 12, 2018.
             Was a Priest of Sif Muna.
             Slain by a killer bee (8 damage)
             ... on level 9 of the Dungeon.
             The game lasted 00:14:25 (9001 turns).

Amnesiac the Reanimator (Mummy Necromancer)         Turns: 9001, Time: 00:14:26

Health: 0/71       AC:  4    Str: 11    XL:     10   Next: 9%
Magic:  0/22       EV: 14    Int: 18    God:    Sif Muna [***...]
Gold:   345        SH:  4    Dex: 13    Spells: 11/26 levels left

rFire    . . .     SeeInvis .   w - +1 dagger (elec)
rCold    + . .     Gourm    .   z - +0 buckler
rNeg     + + +     Faith    .   a - +0 robe
rPois    ∞         Spirit   .   (no helmet)
rElec    .         Reflect  .   q - scarf {repulsion}
rCorr    .         Harm     .   A - +0 pair of gloves
MR       +....                  g - +0 pair of boots
Stlth    ++........             (no amulet)
HPRegen  0.21/turn              u - ring of protection from fire
MPRegen  0.18/turn              s - +6 ring of slaying

@: very slightly contaminated, no casting, repel missiles
A: no food or potions, fire vulnerability, cold resistance 1, negative energy
resistance 3, torment resistance, unbreathing
a: Stop Divine Energy, Channel Magic, Renounce Religion


You were on level 9 of the Dungeon.
You worshipped Sif Muna.
Sif Muna was most pleased with you.
You were not hungry.

You visited 2 branches of the dungeon, and saw 10 of its levels.

You collected 453 gold pieces.
You spent 108 gold pieces at shops.

Inventory:

Hand Weapons
 c - a +0 dagger of venom
 w - a +1 dagger of electrocution (weapon)
Missiles
 m - 21 poisoned needles
 p - 61 arrows
Armour
 a - a +0 robe (worn)
 g - a +0 pair of boots (worn)
 q - a scarf of repulsion (worn)
 z - a +0 buckler (worn)
 A - a +0 pair of gloves (worn)
Jewellery
 i - an uncursed amulet of the gourmand {unknown}
 j - an uncursed ring of resist corrosion
 s - a +6 ring of slaying (right hand)
 u - a ring of protection from fire (left hand)
Wands
 h - a wand of iceblast (10)
 n - a wand of random effects (26)
 t - a wand of disintegration (7)
Scrolls
 d - 8 scrolls of remove curse {!r}
 e - 4 scrolls of enchant armour {!r}
 f - a scroll of acquirement {!r}
 k - 8 scrolls of teleportation {!r}
 l - 2 scrolls of amnesia {!r}
 v - 3 scrolls of magic mapping {!r}
 x - a scroll of immolation {!r}
 y - 2 scrolls of enchant weapon {!r}
 B - a scroll of fog {!r}
Books
 b - a book of Necromancy

   Spells                             Type                      Level
   a - Pain                           Necromancy                   1
   b - Animate Skeleton               Necromancy                   1
   c - Vampiric Draining              Necromancy                   3
   d - Regeneration                   Charms/Necromancy            3
   e - Animate Dead                   Necromancy                   4
   f - Borgnjor's Vile Clutch         Necromancy/Earth             5
 o - a book of Changes

   Spells                             Type                      Level
   a - Beastly Appendage              Transmutation                1
   b - Sticks to Snakes               Transmutation                2
   c - Spider Form                    Transmutation/Poison         3
   d - Ice Form                       Ice/Transmutation            4
   e - Blade Hands                    Transmutation                5


   Skills:
 - Level 4.0 Fighting
 - Level 5.3 Dodging
 - Level 1.5 Stealth
 + Level 2.2 Shields
 + Level 8.9 Spellcasting
 * Level 10.7 Necromancy


You had 11 spell levels left.
You knew the following spells:

 Your Spells              Type           Power        Failure   Level  Hunger
a - Pain                  Necr           ####         1%          1    N/A
b - Sticks to Snakes      Tmut           #.......     17%         2    N/A
c - Animate Dead          Necr           N/A          1%          4    N/A
d - Vampiric Draining     Necr           #####.....   1%          3    N/A
e - Borgnjor's Vile Clut  Necr/Erth      ####......   32%         5    N/A

Dungeon Overview and Level Annotations

Branches:
Dungeon (9/15)             Temple (1/1) D:4
   Lair: D:8-11         Orc: D:9-12

Altars:
Ashenzari
Cheibriados
Dithmenos
Elyvilon
Gozag
Hepliaklqana
Kikubaaqudgha
Makhleb
Nemelex Xobeh
Okawaru
Qazlal
Ru
Sif Muna
Trog
Uskayaw
Vehumet
Wu Jian
Xom
Yredelemnul
Zin
The Shining One
Jiyva

Shops:
D:4 :   D:8 [

Annotations:
D:4 SaintRoka's ghost, novice DsTm


Innate Abilities, Weirdness & Mutations

You do not eat or drink.
Your flesh is vulnerable to fire.
You are immune to poison.
Your flesh is cold resistant. (rC+)
You are immune to negative energy. (rN+++)
You are immune to unholy pain and torment.
You can survive without breathing.


Message History

You see here a club.
The killer bee closely misses you. You block the killer bee's attack.
The killer bee stings you.
* * * LOW HITPOINT WARNING * * *
The killer bee closely misses you.
You regain access to your magic.
The killer bee stings you.
* * * LOW HITPOINT WARNING * * *
Casting: Borgnjor's Vile Clutch
Confirm with . or Enter, or press ? or * to list all spells.
Aiming: Borgnjor's Vile Clutch
Press: ? - help, Dir - move target cursor, f/p - killer bee
Aim: a killer bee Decaying hands burst forth from the earth!
Zombie hands grab the killer bee.
Zombie hands grab the orc priest.
Sif Muna grants you divine energy.
You briefly lose access to your magic!
The zombie hands constrict the orc priest.
The zombie hands constrict the killer bee!
The killer bee stings you.
* * * LOW HITPOINT WARNING * * *
The killer bee closely misses you. The orc priest barely misses you.
You hit the killer bee.
The killer bee is severely wounded.
The zombie hands constrict the orc priest.
The zombie hands constrict the killer bee.
You kill the killer bee!
Sif Muna accepts your kill.
The orc priest hits you from afar with a trident!
* * * LOW HITPOINT WARNING * * *
You can't drink.
Really read
C - a scroll of identify {!r}?
As you read the scroll of identify {!r}, it crumbles to dust.
x - a scroll of immolation {!r} The zombie hands constrict the orc priest.
You kill the orc priest!
Sif Muna accepts your kill.
You can't drink.
Really read
r - a scroll of fear {!r}?
As you read the scroll of fear {!r}, it crumbles to dust.
You assume a fearsome visage.
The killer bee looks frightened!
The crimson imp is unaffected.
You hear the faint creaking of a portcullis nearby.
You regain access to your magic.
Found an escape hatch in the floor.
Okay, then.
Unknown command.
Casting: Borgnjor's Vile Clutch
Confirm with . or Enter, or press ? or * to list all spells.
Aiming: Vampiric Draining
Press: ? - help, Shift-Dir - straight line, f - killer bee
Aim: a killer bee Your attack snaps the killer bee out of its fear.
The killer bee is severely wounded.
You feel life coursing into your body. Sif Muna grants you divine energy.
You briefly lose access to your magic!
The killer bee barely misses you. The killer bee completely misses you.
You can't drink.
Okay, then.
Unknown command.
The killer bee stings you!
You die...

≈≈ #y# #≈ #.# #≈. #.#
#≈..########.#####.#
#≈.....5)y5).......#
#≈.###.#####.#######
#.# #.#
.?.###y#####.##
........@......# ####
..#####.#####..##.....
...# #.))).# .....#
##<#### ###...# #.#
#.>.# #.# #...# ...
.... ... #...#


You could see a killer bee.

Vanquished Creatures
  4 hippogriffs
  Eustachio (D:5)
  2 orc warriors
  A black bear (D:7)
  A sky beast (D:8)
  2 ice beasts
  A phantom (D:6)
  A necrophage (D:8)
  4 ogres
  A centaur (D:5)
  3 bullfrogs
  10 killer bees
  6 wights
  A howler monkey (D:6)
  5 crimson imps
  4 jellies (D:8)
  4 orc priests
  12 orc wizards
  An iguana (D:6)
  11 worker ants
  A killer bee zombie (D:7)
  2 hound skeletons
  10 adders
  6 oozes
  An adder zombie (D:6)
  An adder skeleton (D:7)
  A dart slug (D:3)
  6 leopard geckos
  29 orcs
  2 ball pythons
  10 bats
  3 giant cockroaches
  9 goblins
  5 hobgoblins
  6 jackals
  4 quokkas
  6 frilled lizards
  A jackal skeleton (D:5)
  A jackal zombie (D:5)
  7 kobolds
  6 rats
192 creatures vanquished.

Vanquished Creatures (others)
  An orc wizard (D:7)
1 creature vanquished.

Grand Total: 193 creatures vanquished

Notes
Turn   | Place    | Note
-------+----------+-------------------------------------------
     0 | D:1      | Amnesiac the Mummy Necromancer began the quest for the Orb.
     0 | D:1      | Reached XP level 1. HP: 13/13 MP: 4/4
    64 | D:1      | You fall through a shaft!
   131 | D:1      | Reached XP level 2. HP: 4/20 MP: 5/5
   507 | D:1      | Reached skill level 1 in Fighting
  1145 | D:2      | Reached XP level 3. HP: 26/26 MP: 7/7
  1150 | D:2      | Learned a level 3 spell: Vampiric Draining
  1393 | D:2      | Reached XP level 4. HP: 25/33 MP: 8/8
  1644 | D:2      | Found a shadowy altar of Dithmenos.
  2254 | D:3      | Found a hide-covered altar of Uskayaw.
  2269 | D:3      | Learned a level 2 spell: Sticks to Snakes
  2588 | D:3      | Found a glowing silver altar of Zin.
  2882 | D:3      | Found a sacrificial altar of Ru.
  2948 | D:4      | Reached XP level 5. HP: 29/39 MP: 9/9
  3411 | D:4      | Found Hebbucon's Book Shop.
  3451 | D:4      | Reached XP level 6. HP: 37/47 MP: 10/10
  3462 | D:4      | Noticed SaintRoka's ghost (novice DsTm)
  3522 | D:5      | Entered Level 5 of the Dungeon
  3666 | D:5      | Found a bloodstained altar of Trog.
  3792 | D:5      | Noticed an ice beast
  3823 | D:5      | Killed an ice beast
  3823 | D:5      | Reached skill level 5 in Dodging
  4002 | D:5      | Reached XP level 7. HP: 54/54 MP: 11/11
  4019 | D:4      | Found a staircase to the Ecumenical Temple.
  4034 | Temple   | Entered the Ecumenical Temple
  4084 | Temple   | Became a worshipper of Sif Muna the Loreminder
  4343 | D:5      | Noticed Eustachio
  4372 | D:5      | Killed Eustachio
  4565 | D:5      | Reached skill level 5 in Necromancy
  5077 | D:6      | Reached * piety under Sif Muna
  5448 | D:5      | HP: 2/54 [orc warrior/battleaxe (28)]
  5462 | D:5      | Reached skill level 6 in Necromancy
  5462 | D:5      | Reached XP level 8. HP: 5/60 MP: 10/15
  5890 | D:6      | Reached skill level 5 in Spellcasting
  5907 | D:6      | Found a hazy altar of Hepliaklqana.
  5938 | D:6      | Reached skill level 7 in Necromancy
  6486 | D:6      | Reached ** piety under Sif Muna
  6552 | D:7      | Reached skill level 8 in Necromancy
  6560 | D:7      | Learned a level 5 spell: Borgnjor's Vile Clutch
  6565 | D:7      | Learned a level 4 spell: Animate Dead
  6612 | D:7      | Identified a scroll of acquirement {!r}
  6801 | D:7      | Reached XP level 9. HP: 50/65 MP: 19/19
  7187 | D:7      | Found a stormy altar of Qazlal.
  7215 | D:7      | Reached skill level 9 in Necromancy
  7450 | D:7      | Found a basalt altar of Yredelemnul.
  7452 | D:7      | Noticed a profane servitor
  7472 | D:7      | Found a glowing golden altar of the Shining One.
  7608 | D:7      | Noticed an angel
  7740 | D:8      | Found an ancient bone altar of Kikubaaqudgha.
  7867 | D:8      | Reached *** piety under Sif Muna
  8026 | D:8      | Found Zitutyanyo's Armour Shoppe.
  8029 | D:8      | Bought a +0 buckler for 54 gold pieces
  8029 | D:8      | Bought a +0 pair of gloves for 54 gold pieces
  8060 | D:8      | Reached skill level 10 in Necromancy
  8220 | D:8      | Reached skill level 1 in Shields
  8524 | D:8      | Found a viscous altar of Jiyva.
  8962 | D:9      | Reached XP level 10. HP: 56/71 MP: 16/22
  8995 | D:9      | HP: 1/71 [orc priest/trident (8)]
  9001 | D:9      | Slain by a killer bee

Skill      XL: |  1  2  3  4  5  6  7  8  9 |
---------------+----------------------------+-----
Dodging        | 2 3 4 5 |  5.3
Fighting       | 1 2 3 4 |  4.0
Spellcasting   | 4 6 8 |  8.9
Necromancy     | 6 8 10 | 10.7
Shields        | 2 |  2.2
Stealth        | |  1.5

Action                   |  1- 3 |  4- 6 |  7- 9 | 10-12 || total
-------------------------+-------+-------+-------+-------++-------
Melee: Dagger            |    75 |   242 |   360 |     5 ||   682
 Cast: Pain              |     3 |       |     5 |       ||     8
       Vampiric Draining |       |     2 |    42 |     1 ||    45
       Borgnjor's Vile C |       |       |     5 |     2 ||     7
Invok: Divine Energy     |       |       |     1 |       ||     1
  Use: Scroll            |       |     5 |     8 |     2 ||    15
 Stab: Sleeping          |     3 |     6 |     6 |       ||    15
Armor: Robe              |    11 |    47 |    49 |       ||   107
Dodge: Dodged            |    55 |   154 |   255 |    15 ||   479
       Deflected         |       |     1 |     1 |       ||     2
Block: Buckler           |       |       |     6 |     6 ||    12
